 Dungeon Crawl Stone Soup version 0.31-a0-161-gb58dd9be76 (webtiles) character file.

Game seed: 18435669859956208407

179 qw the Shooter (level 5, 0/32 HPs)
             Began as a Gargoyle Hunter on June 12, 2023.
             Slain by Grinder (1 damage)
             ... on level 4 of the Dungeon.
             The game lasted 00:00:59 (2158 turns).

qw the Shooter (Gargoyle Hunter)                    Turns: 2158, Time: 00:01:00

Health: 0/32       AC: 11    Str: 15    XL:     5   Next: 59%
Magic:  5/5        EV: 11    Int:  9    God:
Gold:   82         SH:  0    Dex: 15    Spells: 4/4 levels left

rFire   . . .        Y - +0 shortbow
rCold   . . .        (shield currently unavailable)
rNeg    + . .        e - +0 ring mail
rPois   inf          i - +0 helmet
rElec   +            (no cloak)
rCorr   +            (no gloves)
SInv    .            h - +0 pair of boots
Will    .....        (no amulet)
Stlth   +            a - ring of resist corrosion
HPRegen 0.25/turn    (no ring)
MPRegen 0.09/turn

%: no passive effects
@: no status effects
A: sickness immunity, AC +4, negative energy resistance 1, electricity
resistance, torment resistance 1, petrification resistance
a: no special abilities


You were on level 4 of the Dungeon.
You visited 1 branch of the dungeon, and saw 4 of its levels.

You collected 82 gold pieces.


Innate Abilities, Weirdness & Mutations

You are immune to sickness and miasma.
Your stone body is resilient. (AC +4)
You are immune to poison.
You resist negative energy. (rN+)
You are resistant to electric shocks. (rElec)
You are resistant to unholy torment.
You are immune to petrification.


   Skills:
 + Level 3.1 Fighting
 - Level 6.0 Ranged Weapons
 - Level 1.8 Armour
 - Level 1.5 Dodging
 - Level 1.1 Stealth


You had 4 spell levels left.
You didn't know any spells.
Your spell library was empty.

Inventory:

Hand Weapons
 Y - a +0 shortbow (weapon)
Armour
 e - a +0 ring mail (worn)
 h - a +0 pair of boots (worn)
 i - a +0 helmet (worn)
Jewellery
 a - a ring of resist corrosion (left hand)
Potions
 b - a potion of magic {unknown}
 c - a potion of lignification {unknown}
 d - a potion of berserk rage {unknown}
 f - 2 potions of curing
 g - a potion of might {unknown}

Dungeon Overview and Level Annotations

Branches:
Dungeon (4/15)
 Temple: D:4-7

Altars:

Annotations:
D:4 Grinder


Message History

You feel much better. The kobold barely misses you. Grinder hits you.
You writhe in agony.
You shoot an arrow. The arrow barely misses Grinder.
The kobold hits you but does no damage. Grinder misses you.
Grinder says, "Wait up."
Grinder hits you but does no damage. The kobold barely misses you.
You shoot an arrow. The arrow completely misses Grinder.
The kobold barely misses you. Grinder gestures at you.
You suddenly lose the ability to move!
The kobold hits you but does no damage.
Grinder blinks!
You can move again.
You shoot an arrow. The arrow misses the kobold.
The kobold hits you but does no damage.
You shoot an arrow. The arrow hits the kobold!
You kill the kobold!
Grinder gestures at you.
You shrug off the repeated paralysis!
You shoot an arrow. The arrow closely misses Grinder.
You shoot an arrow. The arrow hits Grinder!
Grinder is almost dead.
You shoot an arrow. The arrow barely misses Grinder.
Grinder hits you!
You shoot an arrow. The arrow barely misses Grinder.
Grinder hits you but does no damage.
You shoot an arrow.
The arrow hits Grinder but does no damage.
Grinder is almost dead.
Grinder hits you.
You writhe in agony.
You shoot an arrow. The arrow closely misses Grinder.
Grinder gestures at you.
You suddenly lose the ability to move!
Grinder gestures at you.
You shrug off the repeated paralysis!
Grinder barely misses you. Grinder hits you.
You writhe in agony.
You can move again.
You shoot an arrow. The arrow closely misses Grinder.
Grinder hits you.
You writhe in agony.
You die...

## ####.###.
##........
.........
####.....>..
###...@)....(.
##......5......
#.......#....<.
##.)....##.....
#####...##.....
#####.##.....#.....
#.......)#...%.....
#.......##.........
#.......#...#....


You could see Grinder.

Vanquished Creatures
  A hound (D:4)
  An orc priest (D:3)
  An orc wizard (D:3)
  2 adders (D:2)
  3 dart slugs
  4 orcs
  4 endoplasms
  3 giant cockroaches
  2 goblins (D:1)
  8 hobgoblins
  A jackal (D:1)
  2 quokkas
  6 ball pythons (D:2)
  8 bats
  4 frilled lizards
  11 kobolds
  7 rats
68 creatures vanquished.

Notes
Turn   | Place    | Note
-------+----------+-------------------------------------------
     0 | D:1      | qw the Gargoyle Hunter began the quest for the Orb.
     0 | D:1      | Reached XP level 1. HP: 12/12 MP: 1/1
     0 | D:1      | 0 ||| qw: Version: 0.2-a-29-gc1b59c4
     0 | D:1      | 0 ||| qw: Game counter: 4176
     0 | D:1      | 0 ||| qw: Always use a shield: true
     0 | D:1      | 0 ||| qw: God list: Okawaru
     0 | D:1      | 0 ||| qw: Allow faded altars: false
     0 | D:1      | 0 ||| qw: Do Orc after D:15 true
     0 | D:1      | 0 ||| qw: Do second Lair branch before Depths: true
     0 | D:1      | 0 ||| qw: Lair rune preference: random
     0 | D:1      | 0 ||| qw: Plans: Normal, Zot:1-4, Slime:5, God:TSO, Crypt,
                  | Tomb, Abyss, Pan, Hells, Win
     0 | D:1      | 0 ||| PLANNING D:1-11
    85 | D:1      | Reached XP level 2. HP: 16/17 MP: 2/2
   195 | D:1      | 195 ||| Stepping ~*~*~tactically~*~*~ (water).
   206 | D:1      | 206 ||| Stepping ~*~*~tactically~*~*~ (water).
   438 | D:1      | Reached XP level 3. HP: 21/21 MP: 3/3
   564 | D:1      | 564 ||| UPGRADING to +0 pair of boots.
   569 | D:1      | 569 ||| READING scroll labelled XIR TORIEHAKO.
   570 | D:1      | 570 ||| READING scroll labelled XEXKIGE VAWIA.
   571 | D:1      | 571 ||| READING scroll labelled AMNETE IMYPT.
   572 | D:1      | 572 ||| DRINKING 2 puce potions.
   573 | D:1      | 573 ||| DROPPING scroll of butterflies.
   665 | D:2      | Reached skill level 5 in Ranged Weapons
   737 | D:2      | Reached skill level 3 in Fighting
   885 | D:2      | Reached XP level 4. HP: 28/28 MP: 4/4
  1451 | D:2      | 1451 ||| READING scroll labelled YLEIVO AJAUGI.
  1454 | D:2      | 1454 ||| DRINKING 2 ruby potions.
  1626 | D:3      | HP: 3/28 [orc priest/divine providence (8)]
  1627 | D:3      | 1627 ||| READING scroll of teleportation.
  1628 | D:3      | 1628 ||| DRINKING 2 potions of heal wounds.
  1630 | D:3      | Reached skill level 6 in Ranged Weapons
  1630 | D:3      | Reached XP level 5. HP: 25/32 MP: 5/5
  2013 | D:3      | 2013 ||| UPGRADING to +0 ring mail.
  2023 | D:3      | 2023 ||| DROPPING +0 leather armour.
  2024 | D:3      | 2024 ||| UPGRADING to +0 helmet.
  2029 | D:3      | 2029 ||| UPGRADING to ring of resist corrosion.
  2030 | D:3      | 2030 ||| READING scroll labelled TEHESHR RELY.
  2084 | D:4      | 2084 ||| PLANNING SEWER
  2104 | D:4      | Reached skill level 1 in Armour
  2131 | D:4      | Noticed Grinder
  2142 | D:4      | HP: 7/32 [kobold/+1 vampiric short sword (5)]
  2143 | D:4      | 2143 ||| DRINKING potion of heal wounds.
  2145 | D:4      | Paralysed by Grinder for 2 turns
  2154 | D:4      | Paralysed by Grinder for 4 turns
  2157 | D:4      | HP: 8/32 [Grinder (5)]
  2158 | D:4      | HP: 1/32 [Grinder (4)]
  2158 | D:4      | Slain by Grinder

Levels and vault maps discovered:
D:1:      lightli_arrival_quake, layout_rooms, serial_bayou_ford_a, st_stairs_9
D:2:      layout_loops_corners, kennysheep_generic_room_4
D:3:      layout_rooms
D:4:      layout_cave_pools, portal_sewer_entry_e, uniq_grinder, uniq_robin,
          uniq_blork_the_orc

Skill      XL: |  1  2  3  4  5 |
---------------+----------------+-----
Ranged Weapons | 5 6 |  6.0
Fighting       | 3 |  3.1
Armour         | 1 |  1.8
Dodging        | |  1.5
Stealth        | |  1.1

Action                     |  1- 3 |  4- 6 || total
---------------------------+-------+-------++-------
   Fire: Shortbow          |   112 |   115 ||   227
    Use: Scroll            |     3 |     3 ||     6
         Potion            |     1 |     3 ||     4
 Armour: Leather armour    |    21 |     5 ||    26
         Ring mail         |       |    22 ||    22
  Dodge: Dodged            |    32 |    44 ||    76

Table legend:
 A = Non-vault XP
 B = Vault XP
 C = Vault XP percentage of total XP
 D = Non-vault monster count
 E = Vault monster count
 F = Vault count percentage of total count
                 A         B        C        D         E       F
            +---------+---------+-------+---------+---------+-------
      Total |     251 |       6 |   2.3 |      65 |       3 |   4.4
            +---------+---------+-------+---------+---------+-------
        D:1 |      31 |       4 |  11.4 |      20 |       2 |   9.1
        D:2 |      62 |       2 |   3.1 |      23 |       1 |   4.2
        D:3 |     110 |       0 |   0.0 |      17 |       0 |   0.0
        D:4 |      48 |       0 |   0.0 |       5 |       0 |   0.0
            +---------+---------+-------+---------+---------+-------
